 Dungeon Crawl Stone Soup version 0.28.0-45-g0d030f2227 (webtiles) character file.

Game seed: 16213306417617031668

107 Revguard the Slasher (level 4, -5/31 (34) HPs)
             Began as a Demonspawn Gladiator on Apr 20, 2022.
             Was an Initiate of Gozag.
             Slain by a wight
             ... wielding a +0 scimitar
              (9 damage)
             ... on level 3 of the Dungeon.
             The game lasted 00:05:11 (2638 turns).

Revguard the Slasher (Demonspawn Gladiator)         Turns: 2638, Time: 00:05:12

HP:   -5/31 (34)    AC:  4    Str: 13 (14) XL:     4   Next: 56%
MP:   4/4           EV: 12    Int:  9      God:    Gozag
Gold: 93            SH:  0    Dex: 14 (17) Spells: 3/3 levels left

rFire   . . .      SeeInvis .   a - +0 long sword
rCold   . . .      Faith    .   (no shield)
rNeg    . . .      Spirit   .   b - +0 leather armour
rPois   .          Reflect  .   c - +0 helmet
rElec   .          Harm     .   (no cloak)
rCorr   .          Rampage  .   (no gloves)
Will    .....                   (no boots)
Stlth   +.........              (no amulet)
HPRegen 0.10/turn               (no ring)
MPRegen 0.09/turn               (no ring)

@: gold aura, drained
A: foul stench 1
a: Renounce Religion, Potion Petition, Call Merchant, Bribe Branch


You were on level 3 of the Dungeon.
You worshipped Gozag.
Gozag was noncommittal.
You visited 1 branch of the dungeon, and saw 3 of its levels.

You collected 93 gold pieces.

Inventory:

Hand Weapons
 a - a +0 long sword (weapon)
Missiles
 d - 3 throwing nets (quivered)
Armour
 b - a +0 leather armour (worn)
 c - a +0 helmet (worn)
Scrolls
 f - 2 scrolls of teleportation
 g - a scroll of enchant armour {unknown}
 h - a scroll of noise {unknown}
 i - a scroll of fog {unknown}
Potions
 e - 2 potions of might


   Skills:
 + Level 2.4 Fighting
 * Level 3.4 Long Blades
 - Level 1.8 Throwing
 * Level 1.8 Armour
 + Level 3.1 Dodging
 - Level 1.0 Invocations
 + Level 1.2 Evocations


You had 3 spell levels left.
You didn't know any spells.
Your spell library was empty.

Dungeon Overview and Level Annotations

Branches:
Dungeon (3/15)

Altars:
Gozag
Qazlal

Shops:
D:2 (


Innate Abilities, Weirdness & Mutations

You may rarely emit foul miasma when damaged in melee.


Message History

8 gold pieces; a +0 club You closely miss the hobgoblin.
The bat is no longer distracted by gold.
The hobgoblin hits you but does no damage.
The hobgoblin hits you.
You barely miss the hobgoblin. The hobgoblin barely misses you.
You hit the hobgoblin.
The hobgoblin is severely wounded.
The hobgoblin hits you but does no damage.
You closely miss the hobgoblin.
The hobgoblin is severely wounded.
The hobgoblin closely misses you.
You slash the hobgoblin!
You kill the hobgoblin!
The bat barely misses you.
The orc is distracted by your dazzling golden aura.
The bat misses you. The wight hits you with a +0 scimitar!
You feel drained.
The orc shouts!
Things that are here:
7 gold pieces; a scroll labelled YGIXIE TOEVEO You hit the orc.
The orc is no longer distracted by gold.
The orc is heavily wounded.
The bat closely misses you. The bat misses you.
The orc hits you but does no damage. The wight hits you with a +0 scimitar.
* * * LOW HITPOINT WARNING * * *
You feel drained.
* * * LOW HITPOINT WARNING * * *
The bat hits you.
* * * LOW HITPOINT WARNING * * *
Okay, then.
Okay, then.
The bat barely misses you.
Things that are here:
8 gold pieces; a +0 club You hit the orc.
You kill the orc!
The bat barely misses you. The wight hits you with a +0 scimitar!
You die...
Your body crumbles into a pile of gold.

.........# ##. #
.........###### $
..............#
.^............#
..............#
..............+
..............#
..............####
..............b$@#
#.............##z#
#.##..........##........
#.##..........####......
#.##..........# ......
#.##.....###### .....
#.##.....# ..... #.....
.... ....


You could see a wight and a bat.

Vanquished Creatures
  A wight (D:3)
  A gnoll (D:1)
  2 dart slugs (D:1)
  2 orcs (D:3)
  3 endoplasms (D:1)
  3 giant cockroaches (D:1)
  8 goblins
  6 hobgoblins
  4 jackals (D:1)
  4 kobolds
  2 quokkas
  4 ball pythons
  3 bats
  2 frilled lizards
  3 rats
48 creatures vanquished.

Notes
Turn   | Place    | Note
-------+----------+-------------------------------------------
     0 | D:1      | Revguard the Demonspawn Gladiator began the quest for the
                  | Orb.
     0 | D:1      | Reached XP level 1. HP: 16/16 MP: 1/1
   344 | D:1      | Gained mutation: You may rarely emit foul miasma when
                  | damaged in melee. [demonic ancestry]
   344 | D:1      | Reached XP level 2. HP: 22/22 MP: 2/2
   634 | D:1      | Reached skill level 1 in Armour
   634 | D:1      | Reached XP level 3. HP: 16/27 MP: 3/3
   893 | D:1      | Reached skill level 1 in Invocations
  1448 | D:2      | Found Uppim's Antique Weapon Shop.
  1925 | D:2      | Found a faded altar of an unknown god.
  2076 | D:2      | Prayed at the altar of an unknown god.
  2076 | D:2      | Became a worshipper of Gozag Ym Sagoz the Greedy
  2515 | D:3      | Reached skill level 1 in Evocations
  2535 | D:3      | Found a stormy altar of Qazlal.
  2626 | D:3      | Reached XP level 4. HP: 34/34 MP: 4/4
  2638 | D:3      | Slain by a wight

Illustrated notes

Levels and vault maps discovered:
D:1:      matt_arrival_diagonals, layout_basic
D:2:      layout_basic, hellmonk_ecumenical_altar_pennies_from_heaven,
          serial_shops, nicolae_square_shop, kennysheep_cross_room, minivault_5
D:3:      layout_basic, nicolae_qazlal_scattered_showers

Skill      XL: |  1  2  3 |
---------------+----------+-----
Long Blades    | 3 |  3.4
Armour         | 1 |  1.8
Invocations    | 1 |  1.0
Evocations     | 1 |  1.2
Dodging        | 3 |  3.1
Fighting       | |  2.4
Throwing       | |  1.8

Action                   |  1- 3 |  4- 6 || total
-------------------------+-------+-------++-------
Melee: Long sword        |   106 |     9 ||   115
       Punch             |     1 |       ||     1
  Use: Scroll            |     3 |       ||     3
       Potion            |     1 |       ||     1
Armor: Leather armour    |    42 |     3 ||    45
Dodge: Dodged            |    82 |    11 ||    93
